 Dungeon Crawl Stone Soup version 0.31-a0-986-g5e6e4ef867 (webtiles) character file.

Game seed: 2163632406792191357

732 Danienth the Ruffian (level 7, -1/53 HPs)
             Began as a Gnoll Shapeshifter on Nov 8, 2023.
             Was a Believer of Sif Muna.
             Slain by Splishie's ghost (6 damage)
             ... on level 4 of the Dungeon.
             The game lasted 00:12:40 (3570 turns).

Danienth the Ruffian (Gnoll Shapeshifter)           Turns: 3570, Time: 00:12:40

Health: -1/53      AC:  4    Str: 14    XL:     7   Next: 73%
Magic:  11/11      EV: 18    Int: 11    God:    Sif Muna [**....]
Gold:   145        SH:  0    Dex: 11    Spells: 9/11 levels left

rFire   . . .        v - +2 dagger "Sanow" {heavy, rElec rC+ Stlth+}
rCold   + . .        (no shield)
rNeg    . . .        l - +2 robe
rPois   .            (helmet currently unavailable)
rElec   +            (cloak currently unavailable)
rCorr   .            (gloves currently unavailable)
SInv    .            (boots currently unavailable)
Will    .....        (no amulet)
Stlth   +++          t - +4 ring of slaying
HPRegen 0.28/turn    s - +5 ring of evasion
MPRegen 0.12/turn

%: no passive effects
@: about to teleport, beast-form
A: beast (slay +4), fangs 1, strong nose, distributed training
a: Begin Untransformation, Renounce Religion, Channel Magic


You were on level 4 of the Dungeon.
You worshipped Sif Muna.
Sif Muna was pleased with you.
You were a hulking beast.
You visited 1 branch of the dungeon, and saw 4 of its levels.

You collected 157 gold pieces.
You spent 12 gold pieces at shops.

Inventory:

Hand Weapons
 k - a +0 scythe of pain
 v - the +2 dagger "Sanow" (weapon) {heavy, rElec rC+ Stlth+}
   (You found it on level 4 of the Dungeon)

   rC+:       It protects you from cold.
   rElec:     It insulates you from electricity.
   Stlth+:    It makes you more stealthy.
 y - a +3 hand axe of venom
Missiles
 e - 4 darts of dispersal
 i - 3 throwing nets
 j - 5 boomerangs (quivered)
 x - 2 poisoned darts
Armour
 a - a +0 animal skin
 l - a +2 robe (worn)
Jewellery
 r - a ring of protection from cold
 s - a +5 ring of evasion (right hand)
 t - a +4 ring of slaying (left hand)
Talismans
 c - a beast talisman (active)
 d - a flux talisman
Wands
 n - a wand of iceblast (2)
 w - a wand of flame (26)
Scrolls
 h - a scroll of revelation {unknown}
 m - a scroll of immolation {unknown}
 p - a scroll of teleportation
 u - a scroll of identify
Potions
 b - 2 potions of lignification
 f - 2 potions of curing
 g - a potion of ambrosia
 o - a potion of might
 q - a potion of brilliance {unknown}


   Skills:
 + Level 3.8 Fighting
 + Level 2.7 Short Blades
 + Level 2.7 Long Blades
 + Level 2.7 Axes
 + Level 2.7 Maces & Flails
 + Level 2.7 Polearms
 + Level 2.7 Staves
 + Level 2.7 Ranged Weapons
 + Level 2.7 Throwing
 + Level 2.7 Armour
 + Level 5.4 Dodging
 + Level 2.7 Stealth
 + Level 2.7 Shields
 + Level 7.1 Unarmed Combat
 + Level 2.7 Spellcasting
 + Level 2.2 Conjurations
 + Level 2.2 Hexes
 + Level 2.2 Summonings
 + Level 2.2 Necromancy
 + Level 2.2 Translocations
 + Level 2.2 Transmutations
 + Level 2.2 Fire Magic
 + Level 2.2 Ice Magic
 + Level 2.2 Air Magic
 + Level 2.2 Earth Magic
 + Level 2.2 Poison Magic
 + Level 3.0 Invocations
 + Level 2.7 Evocations
 + Level 7.0 Shapeshifting


You had 9 spell levels left.
You knew the following spells:

 Your Spells              Type           Power      Damage    Failure   Level
a - Ensorcelled Hibernat  Hex/Ice        12%        N/A       16%         2

Your spell library contained the following spells:

 Spells                   Type           Power      Damage    Failure   Level
 Passwall                 Tmut/Erth      5%         N/A       16%         2
 Swiftness                Air            6%         N/A       32%         3


Dungeon Overview and Level Annotations

Branches:
Dungeon (4/15)
 Temple: D:4-7

Altars:
Okawaru
Qazlal
Sif Muna

Shops:
D:4 (===(

Annotations:
D:4 1 transporter, Splishie's ghost, amateur GnMo


Innate Abilities, Weirdness & Mutations

You are a hulking beast.
Your limbs bulge with bestial killing power. (Slay +4)
You have very sharp teeth.
Your uncanny sense of smell can sniff out nearby items.
Your experience applies equally to all skills.


Message History

Sif Muna accepts your kill. The bullfrog skeleton misses you.
You puncture the bullfrog skeleton!
The bullfrog skeleton is moderately damaged.
The bullfrog skeleton closely misses you. x2
You puncture the bullfrog skeleton!
The bullfrog skeleton is severely damaged.
The bullfrog skeleton hits you but does no damage.
You miss Splishie's ghost. Splishie's ghost hits you!
Casting: Ensorcelled Hibernation (safe; 16% risk of failure)
Confirm with . or Enter, or press ? or * to list all spells.
You can't see any susceptible monsters within range! (Use Z to cast anyway.) Hit: v) +2 dagger "Sanow" {heavy, rElec rC+ Stlth+}
Press: ? - help, Dir - move target, f - Splishie's ghost
Aim: Splishie's ghost (about 40% to evade the +2 dagger "Sanow")
You hit Splishie's ghost.
Splishie's ghost is lightly damaged.
The wyvern skeleton completely misses you.
Splishie's ghost wails, "I was like you once."
Splishie's ghost misses you. The bullfrog skeleton hits you.
The wyvern skeleton bites you!
Hit: v) +2 dagger "Sanow" {heavy, rElec rC+ Stlth+}
Press: ? - help, Dir - move target, f/p - Splishie's ghost
Aim: Splishie's ghost (lightly damaged, about 40% to evade the +2 dagger "Sanow")
You miss Splishie's ghost. You bite Splishie's ghost.
Splishie's ghost is lightly damaged.
The bullfrog skeleton hits you. The wyvern skeleton bites you!
Splishie's ghost closely misses you.
The bullfrog skeleton barely misses you.
As you read the scroll labelled HIAPNEAGYNA, it crumbles to dust.
You feel strangely unstable.
It was a scroll of teleportation.
The wyvern skeleton bites you!
* * * LOW HITPOINT WARNING * * *
Splishie's ghost hits you!
* * * LOW HITPOINT WARNING * * *
The bullfrog skeleton misses you.
The wyvern skeleton completely misses you.
Splishie's ghost attacks as it pursues you!
Splishie's ghost hits you.
You die...

.####.................####......#
∩...#..#############...>.....####
....#..#©..........#..####.#.#
..###..#...........#..# #.#.# ..#
#..#..###.###..#..# #†#.#
#.###..#..#8#.#8#..#..# #.#.#
#...#..#(..........#..## #.#.####
###...©#[....©ZZ...#©.)###.#.....
.......#?..(...Wh..#.......######
###....#..#8#.#8#..#..####.#
##...#..###.###..#..# #.#
#...#....Z...Z..#..# #.#
#...#.....W.....#..# #.#
#...#############..####.#
##.................÷....#
#.................######
###################


You could see Splishie's ghost, a bullfrog skeleton and a wyvern skeleton.

Vanquished Creatures
  Sigmund (D:2)
  A black bear (D:4)
  2 ogres (D:4)
  A scorpion (D:4)
  2 hounds (D:4)
  A bullfrog skeleton (D:4)
  An iguana (D:4)
  3 adders
  3 dart slugs
  7 orcs
  8 endoplasms
  A giant cockroach (D:4)
  6 goblins
  6 hobgoblins
  3 jackals (D:3)
  7 kobolds
  9 quokkas
  12 ball pythons
  8 bats
  4 frilled lizards
  2 rats
88 creatures vanquished.

Notes
Turn   | Place    | Note
-------+----------+-------------------------------------------
     0 | D:1      | Danienth the Gnoll Shapeshifter began the quest for the
                  | Orb.
     0 | D:1      | Reached XP level 1. HP: 17/17 MP: 1/1
    85 | D:1      | Reached XP level 2. HP: 20/23 MP: 2/2
   206 | D:1      | Found a faded altar of an unknown god.
   220 | D:1      | Prayed at the altar of an unknown god.
   220 | D:1      | Became a worshipper of Sif Muna the Loreminder
   220 | D:1      | Reached * piety under Sif Muna
   306 | D:1      | Learned a level 2 spell: Ensorcelled Hibernation
   437 | D:1      | Reached XP level 3. HP: 23/28 MP: 3/3
  1050 | D:2      | Reached skill level 1 in Invocations
  1291 | D:2      | Reached ** piety under Sif Muna
  1292 | D:2      | Reached skill level 1 in Short Blades
  1292 | D:2      | Reached skill level 1 in Long Blades
  1292 | D:2      | Reached skill level 1 in Axes
  1292 | D:2      | Reached skill level 1 in Maces & Flails
  1292 | D:2      | Reached skill level 1 in Polearms
  1292 | D:2      | Reached skill level 1 in Staves
  1292 | D:2      | Reached skill level 1 in Ranged Weapons
  1292 | D:2      | Reached skill level 1 in Throwing
  1292 | D:2      | Reached skill level 1 in Armour
  1292 | D:2      | Reached skill level 1 in Stealth
  1292 | D:2      | Reached skill level 1 in Shields
  1292 | D:2      | Reached skill level 1 in Spellcasting
  1292 | D:2      | Reached skill level 1 in Evocations
  1308 | D:2      | Noticed Sigmund
  1322 | D:2      | Killed Sigmund
  1323 | D:2      | Reached skill level 1 in Conjurations
  1323 | D:2      | Reached skill level 1 in Hexes
  1323 | D:2      | Reached skill level 1 in Summonings
  1323 | D:2      | Reached skill level 1 in Necromancy
  1323 | D:2      | Reached skill level 1 in Translocations
  1323 | D:2      | Reached skill level 1 in Transmutations
  1323 | D:2      | Reached skill level 1 in Fire Magic
  1323 | D:2      | Reached skill level 1 in Ice Magic
  1323 | D:2      | Reached skill level 1 in Air Magic
  1323 | D:2      | Reached skill level 1 in Earth Magic
  1323 | D:2      | Reached skill level 1 in Poison Magic
  1323 | D:2      | Reached XP level 4. HP: 35/35 MP: 0/6
  1323 | D:2      | Reached XP level 5. HP: 41/41 MP: 0/7
  1491 | D:2      | Reached XP level 6. HP: 47/47 MP: 8/8
  1863 | D:3      | Found a stormy altar of Qazlal.
  2112 | D:3      | Found an iron altar of Okawaru.
  2360 | D:4      | Reached skill level 5 in Dodging
  2394 | D:4      | Found Nerchoa's Jewellery Shoppe.
  2557 | D:4      | Found Hayshrusu's Jewellery Boutique.
  2630 | D:4      | Found Doptocamn's Antique Weapon Emporium.
  2683 | D:4      | Noticed a black bear
  2689 | D:4      | Killed a black bear
  2690 | D:4      | Reached XP level 7. HP: 50/52 MP: 10/10
  2869 | D:4      | Found Kakhlys's Jewellery Shoppe.
  2872 | D:4      | Identified the +2 dagger "Sanow" {heavy, rElec rC+ Stlth+}
  2887 | D:4      | Found a transporter.
  2914 | D:4      | Found a transporter.
  2923 | D:4      | Noticed Splishie's ghost (amateur GnMo)
  2985 | D:4      | Found Jiull's Weapon Emporium.
  3007 | D:4      | Bought 2 poisoned darts for 12 gold pieces
  3570 | D:4      | Slain by Splishie's ghost

Illustrated notes

Levels and vault maps discovered:
D:1:      psy_arrival_radial02, layout_loops_ring, shapermc_ecumenical_altar_gd,
          nrook_uturn
D:2:      layout_basic, uniq_sigmund
D:3:      layout_rooms, mainiacjoe_overflow_24_doors, okawaru_trees_2
D:4:      layout_loops_ring, serial_shops, nicolae_shop_just_a_little_nook,
          shop, nicolae_square_shop, shop, nicolae_shop_rolling_square,
          gammafunk_ghost_mausoleum

Skill      XL: |  1  2  3  4  5  6  7 |
---------------+----------------------+-----
Invocations    | 2 3 |  3.0
Short Blades   | 1 2 |  2.7
Long Blades    | 1 2 |  2.7
Axes           | 1 2 |  2.7
Maces & Flails | 1 2 |  2.7
Polearms       | 1 2 |  2.7
Staves         | 1 2 |  2.7
Ranged Weapons | 1 2 |  2.7
Throwing       | 1 2 |  2.7
Armour         | 1 2 |  2.7
Stealth        | 1 2 |  2.7
Shields        | 1 2 |  2.7
Spellcasting   | 1 2 |  2.7
Evocations     | 1 2 |  2.7
Fighting       | 3 |  3.8
Conjurations   | 1 2 |  2.2
Hexes          | 1 2 |  2.2
Summonings     | 1 2 |  2.2
Necromancy     | 1 2 |  2.2
Translocations | 1 2 |  2.2
Transmutations | 1 2 |  2.2
Fire Magic     | 1 2 |  2.2
Ice Magic      | 1 2 |  2.2
Air Magic      | 1 2 |  2.2
Earth Magic    | 1 2 |  2.2
Poison Magic   | 1 2 |  2.2
Dodging        | 5 |  5.4
Unarmed Combat | 7 |  7.1
Shapeshifting  | 7 |  7.0

Action                     |  1- 3 |  4- 6 |  7- 9 || total
---------------------------+-------+-------+-------++-------
  Melee: Unarmed           |    76 |       |       ||    76
         Bite              |     5 |     6 |     3 ||    14
         Punch             |     3 |       |     1 ||     4
         Halberd           |       |    86 |     5 ||    91
         Dagger            |       |       |    30 ||    30
  Throw: Boomerang         |     7 |       |    10 ||    17
   Cast: Ensorcelled Hiber |     2 |       |       ||     2
Ability: Begin Untransform |       |     1 |       ||     1
    Use: Potion            |     2 |       |       ||     2
         Scroll            |     1 |     2 |     1 ||     4
   Stab: Sleeping          |     2 |     3 |     4 ||     9
 Armour: Animal skin       |    31 |       |       ||    31
         Robe              |       |    46 |    12 ||    58
  Dodge: Dodged            |    48 |    86 |    22 ||   156
   Form: Beast             |       |     1 |       ||     1

Table legend: (Time is in decaauts)
 A = Elapsed time spent in this place.
 B = Non-inter-level travel time spent in this place.
 C = Inter-level travel time spent in this place.
 D = Time resting spent in this place.
 E = Time spent auto-exploring this place.
 F = Levels seen in this place.
 G = Mean time per level.
                   A        B        C        D        E       F      G
               +--------+--------+--------+--------+--------+-----+--------+
         Total |   3609 |   3095 |    514 |     76 |   2419 |   4 |  902.2 |
       Dungeon |   3609 |   3095 |    514 |     76 |   2419 |   4 |  902.2 |
               +--------+--------+--------+--------+--------+-----+--------+

Top non-repeatable levels by time:
     D:1: 1325 daAuts
     D:4: 900 daAuts
     D:2: 714 daAuts
     D:3: 669 daAuts
